 Dungeon Crawl Stone Soup version 0.32-a0-468-g38b2580584 (webtiles) character file.

Game seed: 13590490144248290143

27706 CougarLife the Earth Mage (level 13, -16/63 HPs)
             Began as a Gargoyle Earth Elementalist on Feb 25, 2024.
             Was an Elder of Vehumet.
             Shot with a bolt by a minotaur (20 damage)
             ... in a Gauntlet.
             The game lasted 00:27:21 (17392 turns).

CougarLife the Earth Mage (GrEE)                   Turns: 17392, Time: 00:27:21

Health: -16/63     AC: 19    Str: 12    XL:     13   Next: 34%
Magic:  17/29      EV: 11    Int: 21    God:    Vehumet [****..]
Gold:   898        SH:  0    Dex: 15    Spells: 16/36 levels left

rFire   . . .        Q - +4 dagger (venom)
rCold   + . .        (no shield)
rNeg    + . .        S - +0 acid dragon scales
rPois   ∞            q - +2 hat
rElec   +            F - +0 cloak
rCorr   +            u - +0 pair of gloves
SInv    +            (no boots)
Will    +....        (no amulet)
Stlth   ++           W - ring of the Sturgeon {rC+ Dex+5 SInv}
HPRegen 0.30/turn    t - ring of willpower
MPRegen 0.21/turn

%: no teleportation
@: no status effects
A: sickness immunity, AC +9, negative energy resistance 1, electricity
resistance, torment resistance 1, petrification resistance
a: Renounce Religion


You were in a Gauntlet.
You worshipped Vehumet.
Vehumet was greatly pleased with you.
You visited 3 branches of the dungeon, and saw 14 of its levels.
You also visited: Ossuary and Gauntlet.

You collected 898 gold pieces.

Inventory:

Hand Weapons
 Q - a +4 dagger of venom (weapon)
Missiles
 C - 2 throwing nets
Armour
 q - a +2 hat (worn)
 u - a +0 pair of gloves (worn)
 F - a +0 cloak (worn)
 P - a +2 robe of cold resistance
 S - +0 acid dragon scales (worn)
Jewellery
 g - a ring of ice
 t - a ring of willpower (right hand)
 M - a ring of positive energy
 O - a ring of positive energy
 U - a ring of resist corrosion
 V - the ring "Zeyvot" {Fire rElec Will+}
   (You found it in a Gauntlet)

   [ring of fire]

   Fire:      It enhances your fire magic.
   rF+:       It protects you from fire.
   rC-:       It makes you vulnerable to cold.
   rElec:     It insulates you from electricity.
   Will+:     It increases your willpower.
 W - the ring of the Sturgeon (left hand) {rC+ Dex+5 SInv}
   (You found it in a Gauntlet)

   [ring of see invisible]

   Dex+5:     It affects your dexterity (+5).
   rC+:       It protects you from cold.
   SInv:      It lets you see invisible.
Wands
 b - a wand of iceblast (25)
 i - a wand of flame (38)
 o - a wand of digging (2)
 G - a wand of polymorph (9)
 H - a wand of charming (7)
 J - a wand of mindburst (18)
 N - a wand of acid (13)
Scrolls
 a - a scroll of silence {unknown}
 j - 4 scrolls of vulnerability
 k - 7 scrolls of teleportation
 l - 3 scrolls of immolation
 m - 4 scrolls of enchant weapon
 n - 2 scrolls of butterflies
 p - 2 scrolls of revelation {unknown}
 x - 2 scrolls of brand weapon {unknown}
 y - 2 scrolls of poison
 D - a scroll of acquirement {unknown}
 E - 2 scrolls of fear {unknown}
 I - a scroll of enchant armour {unknown}
 L - 2 scrolls of fog {unknown}
Potions
 c - 5 potions of lignification
 d - 3 potions of heal wounds {unknown}
 e - 4 potions of curing
 f - 3 potions of might
 h - 5 potions of mutation
 r - 2 potions of cancellation {unknown}
 s - 4 potions of resistance {unknown}
 v - 2 potions of invisibility {unknown}
 z - 2 potions of ambrosia {unknown}
 A - 3 potions of attraction {unknown}
 B - 5 potions of haste {unknown}
 K - 2 potions of enlightenment
 R - 2 potions of berserk rage {unknown}


   Skills:
 - Level 1.5 Dodging
 - Level 2.1 Stealth
 + Level 12.2 Spellcasting
 + Level 14.0 Conjurations
 + Level 15.6 Earth Magic


You had 16 spell levels left.
You knew the following spells:

 Your Spells              Type           Power      Damage    Failure   Level
a - Sandblast             Erth           100%       2d20      0%          1
b - Stone Arrow           Conj/Erth      100%       3d13      1%          3
c - Lee's Rapid Deconstr  Erth           34%        3d17*     1%          5
d - Bombard               Conj/Erth      33%        9d6       1%          6
e - Freezing Cloud        Conj/Ice/Air   16%        6-21      9%          5

Your spell library contained the following spells:

 Spells                   Type           Power      Damage    Failure   Level
 Irradiate                Conj/Alch      21%        3d18      3%          5
 Passwall                 Erth           68%        N/A       1%          3
 Brom's Barrelling Bould  Conj/Erth      66%        2d8       1%          4
 Leda's Liquefaction      Alch/Erth      22%        N/A       3%          4
 Petrify                  Alch/Erth      45%        N/A       3%          4
 Arcjolt                  Conj/Air       21%        1d31      3%          5
 Frozen Ramparts          Ice            24%        1d4       7%          3
 Borgnjor's Vile Clutch   Necr/Erth      22%        N/A       9%          5
 Ignite Poison            Fire/Alch      12%        N/A       21%         4
 Olgreb's Toxic Radiance  Alch           12%        N/A       21%         4
 Vhi's Electric Charge    Tloc/Air       24%        N/A       61%         4
 Alistair's Intoxication  Alch           8%         N/A       91%         5
 Metabolic Englaciation   Hex/Ice        6%         N/A       91%         5
 Eringya's Noxious Bog    Alch           6%         4d6       94%         6
 Plasma Beam              Fire/Air       6%         2x1d16    94%         6
 Sculpt Simulacrum        Ice/Alch       6%         N/A       100%        6
 Ozocubu's Refrigeration  Ice            6%         4d8       100%        7
 Discord                  Hex            6%         N/A       100%        8
 Maxwell's Capacitive Co  Air            6%         ∞         100%        8
 Polar Vortex             Ice            6%         N/A       100%        9
 Cigotuvi's Dreadful Rot  Necr/Alch/Air  Unusable   N/A       N/A         2

Dungeon Overview and Level Annotations

Branches:
Dungeon (11/15)            Temple (1/1) D:5            Lair (2/5) D:11
Ossuary (visited)         Gauntlet (1/1)
  Swamp: Lair:2-3    Shoals: Lair:2-3     Snake: Lair:2-3    Spider: Lair:2-3
    Orc: D:9-12

Altars:
Ashenzari
Cheibriados
Dithmenos
Elyvilon
Fedhas
Gozag
Hepliaklqana
Kikubaaqudgha
Makhleb
Nemelex Xobeh
Okawaru
Qazlal
Ru
Sif Muna
Trog
Uskayaw
Vehumet
Wu Jian
Xom
Yredelemnul
Zin
The Shining One
Beogh

Annotations:
Gauntlet 8 transporters, 3 runed translucent doors


Innate Abilities, Weirdness & Mutations

You are immune to sickness and miasma.
Your stone body is resilient. (AC +9)
You are immune to poison.
You resist negative energy. (rN+)
You are resistant to electric shocks. (rElec)
You are resistant to unholy torment.
You are immune to petrification.


Message History

A metal wall.
The metal wall shatters!
The blast of metal fragments hits the minotaur but does no damage.
The minotaur is heavily wounded.
The minotaur is engulfed in freezing vapours.
The minotaur hits you with a +3 vampiric trident.
The minotaur gores you!
Casting: Lee's Rapid Deconstruction (safe; 1% risk of failure)
Confirm with . or Enter, or press ? or * to list all spells.
Aiming: Bombard (dangerous; 1% risk of failure)
Press: ? - help, Shift-Dir - straight line The iron shot misses the minotaur.
The minotaur is engulfed in freezing vapours.
The minotaur hits you with a +3 vampiric trident.
* * * LOW HITPOINT WARNING * * *
The minotaur gores you but does no damage.
Casting: Bombard (dangerous; 1% risk of failure)
Confirm with . or Enter, or press ? or * to list all spells.
You don't have enough magic to cast this spell.
The minotaur hits you from afar with a +3 vampiric trident!
* * * LOW HITPOINT WARNING * * *
Casting: Bombard (dangerous; 1% risk of failure)
Confirm with . or Enter, or press ? or * to list all spells.
You don't have enough magic to cast this spell.
Casting: Bombard (dangerous; 1% risk of failure)
Confirm with . or Enter, or press ? or * to list all spells.
Aiming: Stone Arrow (safe; 1% risk of failure)
Press: ? - help, Shift-Dir - straight line, f - minotaur
Aim: a minotaur, wielding a +3 vampiric trident, wearing a +0 chain mail and quivering javelins (almost dead, 87% to hit)
The stone arrow hits the minotaur.
The minotaur is almost dead.
The minotaur unwields a +3 vampiric trident.
The minotaur wields a +6 arbalest of draining.
You sense an unholy aura.
The minotaur shoots a bolt.
The bolt misses you.
Casting: Stone Arrow (safe; 1% risk of failure)
Confirm with . or Enter, or press ? or * to list all spells.
You don't have enough magic to cast this spell.
Magic courses through your body.
The minotaur shoots a bolt.
The bolt hits you!!
You die...

#############
#...........#
#.#########.#
##.#..H....#.##
#..#.##.##H#..#
#.## #.##@# #.#
#..#.# #.#
##.H.# #.#
#.#☼# #.# #.#.#
#.###########.#
#...........#.#
#######.#######
#.............#


You could see a minotaur.

Vanquished Creatures
  A fire dragon (Lair:1)
  Fannar (D:10)
  A great orb of eyes (Gauntlet)
  An entropy weaver (Gauntlet)
  Harold (D:9)
  Erica (D:9)
  4 two-headed ogres
  Sonja (D:10)
  Nergalle (D:10)
  A skyshark (Lair:2)
  Pikel (D:6)
  2 ugly things (Gauntlet)
  A deep elf pyromancer (D:7)
  A manticore (D:11)
  Maurice (D:10)
  A worldbinder (Gauntlet)
  An elephant (D:11)
  A cyclops (D:10)
  An unseen horror (D:10)
  2 cane toads (Lair:1)
  2 kobold demonologists (D:11)
  2 komodo dragons
  A hornet (D:10)
  4 trolls
  8 blink frogs (Lair:1)
  Prince Ribbit (D:5)
  Grinder (D:3)
  5 slime creatures (D:9)
  A vampire (D:9)
  A spriggan (shapeshifter) (D:8)
  4 wyverns
  Grum (D:10)
  4 wraiths
  2 basilisks (Lair:1)
  Eustachio (D:5)
  12 yaks (D:10)
  A steam dragon (D:7)
  A redback (Gauntlet)
  Menkaure (D:5)
  Edmund (D:5)
  2 acid dragons
  3 water moccasins
  Duvessa (D:5)
  6 orc warriors
  2 ice beasts
  3 black bears
  2 sky beasts
  2 boggarts (Gauntlet)
  2 wolves (D:10)
  An ogre (D:5)
  3 centaurs
  4 lemures (D:6)
  A phantom (D:5)
  9 kobold brigands
  A gnoll sergeant (D:10)
  14 bullfrogs
  A scorpion (D:11)
  2 burial acolytes (Ossuary)
  A wight (D:10)
  Dowan (D:5)
  9 killer bees
  9 howler monkeys
  5 electric eels (D:10)
  3 bombardier beetles
  A centaur zombie (Ossuary)
  A jelly (D:6)
  7 orc priests
  Crazy Yiuf (D:5)
  6 hounds
  2 gnoll boudas
  Ijyb (D:3)
  Natasha (thrice) (D:2)
  Terence (D:3)
  An iguana (D:5)
  A sleepcap (D:5)
  9 orc wizards
  4 hell rats (Lair:1)
  3 mummies (Ossuary)
  Robin (D:3)
  10 gnolls
  6 adders
  4 ufetubi
  A ribbon worm (D:3)
  2 dart slugs
  54 orcs
  8 ball pythons
  7 bats
  8 endoplasms
  5 giant cockroaches
  14 goblins
  7 hobgoblins
  6 jackals
  2 quokkas (D:4)
  2 frilled lizards
  4 gnoll zombies (Ossuary)
  40 kobolds
  3 orc zombies (Ossuary)
  2 rats (D:2)
393 creatures vanquished.

Notes
Turn   | Place    | Note
-------+----------+-------------------------------------------
     0 | D:1      | CougarLife the Gargoyle Earth Elementalist began the quest
                  | for the Orb.
     0 | D:1      | Reached XP level 1. HP: 10/10 MP: 3/3
    77 | D:1      | Reached XP level 2. HP: 15/15 MP: 1/5
   187 | D:1      | Reached skill level 4 in Earth Magic
   447 | D:1      | Reached XP level 3. HP: 19/19 MP: 1/6
   601 | D:1      | Found a snail-covered altar of Cheibriados.
   993 | D:2      | Noticed Natasha
  1004 | D:2      | Killed Natasha
  1005 | D:2      | Reached XP level 4. HP: 24/24 MP: 2/8
  1126 | D:2      | Noticed Natasha
  1128 | D:2      | Killed Natasha
  1451 | D:2      | Noticed Natasha
  1455 | D:2      | Killed Natasha
  1456 | D:2      | Reached XP level 5. HP: 26/28 MP: 5/9
  1689 | D:3      | Noticed Robin
  1691 | D:3      | Reached skill level 5 in Earth Magic
  1706 | D:3      | Killed Robin
  1807 | D:3      | Noticed Ijyb
  1822 | D:3      | Killed Ijyb
  2074 | D:3      | Noticed Terence
  2081 | D:3      | Killed Terence
  2132 | D:3      | Reached XP level 6. HP: 32/32 MP: 6/11
  2221 | D:3      | Learned a level 3 spell: Stone Arrow
  2262 | D:3      | Noticed Grinder
  2266 | D:3      | Killed Grinder
  2267 | D:3      | Reached skill level 6 in Earth Magic
  2267 | D:3      | Reached XP level 7. HP: 31/36 MP: 5/13
  3668 | D:5      | Entered Level 5 of the Dungeon
  3671 | D:5      | Reached skill level 5 in Conjurations
  3831 | D:5      | Found a sand-covered staircase.
  3841 | Ossuary  | Entered an ossuary
  4208 | Ossuary  | Reached skill level 7 in Earth Magic
  4211 | Ossuary  | Reached skill level 5 in Spellcasting
  4254 | Ossuary  | Reached XP level 8. HP: 40/41 MP: 9/15
  4601 | D:5      | Noticed Prince Ribbit
  4609 | D:5      | Killed Prince Ribbit
  4679 | D:5      | Noticed Eustachio
  4688 | D:5      | Killed Eustachio
  4689 | D:5      | Reached skill level 8 in Earth Magic
  4792 | D:5      | Learned a level 5 spell: Lee's Rapid Deconstruction
  4794 | D:5      | Noticed Edmund
  4797 | D:5      | Noticed Menkaure
  4828 | D:5      | Killed Edmund
  4831 | D:5      | Killed Menkaure
  4964 | D:5      | Reached XP level 9. HP: 45/45 MP: 15/18
  5139 | D:5      | Found a staircase to the Ecumenical Temple.
  5157 | Temple   | Entered the Ecumenical Temple
  5179 | Temple   | Became a worshipper of Vehumet
  5302 | D:5      | Noticed Duvessa
  5308 | D:5      | Noticed Dowan
  5312 | D:5      | Killed Duvessa
  5315 | D:5      | Killed Dowan
  5412 | D:5      | Found a runed translucent door.
  5413 | D:5      | Noticed Crazy Yiuf
  5710 | D:5      | Killed Crazy Yiuf
  5802 | D:6      | Reached skill level 9 in Earth Magic
  6509 | D:6      | Noticed Pikel
  6515 | D:6      | Killed Pikel
  6831 | D:7      | Reached skill level 10 in Earth Magic
  6895 | D:7      | Reached * piety under Vehumet
  6895 | D:7      | Offered knowledge of Sting by Vehumet.
  6896 | D:7      | Reached XP level 10. HP: 50/50 MP: 12/21
  7307 | D:7      | Noticed a deep elf pyromancer
  7314 | D:7      | Killed a deep elf pyromancer
  7443 | D:7      | Offered knowledge of Mercury Vapours by Vehumet.
  7630 | D:7      | Found a broken altar of Ashenzari.
  7745 | D:8      | Noticed a two-headed ogre
  7754 | D:8      | Killed a two-headed ogre
  7755 | D:8      | Reached skill level 11 in Earth Magic
  7855 | D:8      | Reached ** piety under Vehumet
  8014 | D:8      | Noticed a black mamba
  8015 | D:8      | a black mamba changed into a spriggan
  8357 | D:8      | Reached skill level 10 in Conjurations
  8979 | D:8      | Reached XP level 11. HP: 48/54 MP: 13/24
  9178 | D:8      | Offered knowledge of Searing Ray by Vehumet.
  9217 | D:8      | Reached skill level 12 in Earth Magic
  9340 | D:8      | Found a roughly hewn altar of Beogh.
  9688 | D:9      | Reached *** piety under Vehumet
 10129 | D:9      | Noticed Erica
 10135 | D:9      | Killed Erica
 10334 | D:9      | Noticed Harold
 10357 | D:9      | Killed Harold
 10511 | D:9      | Found a snail-covered altar of Cheibriados.
 10572 | D:9      | Noticed a two-headed ogre
 10576 | D:9      | Killed a two-headed ogre
 10982 | D:10     | Entered Level 10 of the Dungeon
 10982 | D:10     | Noticed Maurice
 10984 | D:10     | Maurice stole 2 throwing nets
 10988 | D:10     | Killed Maurice
 10989 | D:10     | Reached skill level 10 in Spellcasting
 11156 | D:10     | Offered knowledge of Volatile Blastmotes by Vehumet.
 11166 | D:10     | Noticed Fannar
 11169 | D:10     | Noticed a two-headed ogre
 11186 | D:10     | Killed a two-headed ogre
 11187 | D:10     | Reached skill level 13 in Earth Magic
 11296 | D:10     | Killed Fannar
 11780 | D:10     | Reached XP level 12. HP: 51/59 MP: 14/26
 12250 | D:10     | Noticed Nergalle
 12256 | D:10     | Reached **** piety under Vehumet
 12257 | D:10     | Killed Nergalle
 12394 | D:10     | Noticed Grum
 12401 | D:10     | Reached skill level 14 in Earth Magic
 12401 | D:10     | Killed Grum
 12401 | D:10     | Noticed Sonja
 12407 | D:10     | Killed Sonja
 12407 | D:10     | Offered knowledge of Yara's Violent Unravelling by Vehumet.
 12510 | D:10     | Learned a level 6 spell: Bombard
 12783 | D:10     | Identified the +2 short sword "Numminn" {pain, rF+ rCorr}
 12814 | D:10     | Noticed a two-headed ogre
 12819 | D:10     | Killed a two-headed ogre
 13927 | D:11     | Learned a level 5 spell: Freezing Cloud
 14178 | D:11     | Found a staircase to the Lair.
 14263 | D:11     | Found a glowing silver altar of Zin.
 14320 | Lair:1   | Entered Level 1 of the Lair of Beasts
 15088 | Lair:1   | Reached skill level 15 in Earth Magic
 15089 | Lair:1   | Reached XP level 13. HP: 50/63 MP: 17/28
 15340 | Lair:1   | Reached ***** piety under Vehumet
 15665 | Lair:1   | Noticed a fire dragon
 15668 | Lair:1   | Killed a fire dragon
 16205 | Lair:2   | Found an iron altar of Okawaru.
 16218 | Lair:2   | Offered knowledge of Irradiate by Vehumet.
 16263 | Lair:2   | Found a gate leading to a gauntlet.
 16272 | Gauntlet | Entered a Gauntlet
 16272 | Gauntlet | Found a transporter.
 16272 | Gauntlet | Found a transporter.
 16305 | Gauntlet | Found a transporter.
 16322 | Gauntlet | Found a transporter.
 16335 | Gauntlet | Noticed a great orb of eyes
 16336 | Gauntlet | Found a transporter.
 16336 | Gauntlet | Found a transporter.
 16336 | Gauntlet | Found a transporter.
 16338 | Gauntlet | Found a transporter.
 16338 | Gauntlet | Found a transporter.
 16351 | Gauntlet | Found a transporter.
 16363 | Gauntlet | Found a transporter.
 16369 | Gauntlet | Noticed an entropy weaver
 16373 | Gauntlet | Noticed a dire elephant
 16375 | Gauntlet | Found a runed translucent gate.
 16376 | Gauntlet | Found a transporter.
 16376 | Gauntlet | Found a runed translucent gate.
 16377 | Gauntlet | Found a runed translucent gate.
 16381 | Gauntlet | Found a transporter.
 16415 | Gauntlet | Found a transporter.
 16678 | Gauntlet | Killed a great orb of eyes
 16888 | Gauntlet | Identified the ring "Zeyvot" {Fire rElec Will+}
 16904 | Gauntlet | Killed an entropy weaver
 16905 | Gauntlet | Identified the ring of the Sturgeon {rC+ Dex+5 SInv}
 17000 | Gauntlet | Noticed a minotaur
 17392 | Gauntlet | Shot with a bolt by a minotaur

Illustrated notes

Levels and vault maps discovered:
D:1:      sevenhm_arrival_forest_fort_small_6, layout_basic,
          serial_bayou_ford_a, minmay_split_cup_small
D:2:      layout_loops_cross, uniq_natasha
D:3:      layout_basic, kennysheep_boxes, uniq_grinder, uniq_ijyb, uniq_robin,
          uniq_terence
D:4:      layout_basic, minmay_pentomino_pile
D:5:      layout_loops_ring, minmay_temple_entry_purple_smoke,
          lightli_ossuary_entry_decrepit_ruins, uniq_edmund,
          uniq_prince_ribbit1, uniq_crazy_yiuf_cottage, uniq_eustachio,
          uniq_menkaure, uniq_duvessa
D:6:      layout_basic, uniq_pikel
D:7:      layout_gridville, kennysheep_mini_moat
D:8:      layout_loops_ring, special_room [special_room_orc],
          minmay_shattered_shrine
D:9:      layout_irregular_city, kennysheep_small_circle, uniq_harold,
          uniq_erica
D:10:     layout_roguey, serial_bayou, serial_bayou_lake_a,
          serial_bayou_lagoon_b, serial_bayou_pond_b, serial_bayou_pond_d,
          serial_bayou_pond_b, grunt_ministairs_14, uniq_sonja, uniq_nergalle,
          uniq_grum, uniq_fannar, uniq_maurice
D:11:     layout_rooms, grunt_lair_entry_orc_guard_hut, zin_statuary
Temple:   mainiacjoe_temple_circle_huts
Lair:1:   dragon1_lemuel, layout_gridlike, minmay_stone_trees_small,
          infiniplex_staircase_pool_2
Lair:2:   layout_hall_layers, elwin_shoals_entry_rocks, special_room
          [special_room_bee], gauntlet_entry_generic, basic_altar, minivault_23
Gauntlet: gammafunk_gauntlet_mixed_choke_point [minmay_gauntlet_arena_77_mirror,
          minmay_gauntlet_arena_77_chump_sandwich,
          minmay_gauntlet_arena_77_p_blocks, nicolae_gauntlet_arena_blocks,
          minmay_gauntlet_arena_77_run_for_it,
          minmay_gauntlet_arena_77_radiant_squares,
          minmay_gauntlet_arena_77_fan, dreamdust_gauntlet_exit_labyrinth]

Skill      XL: |  1  2  3  4  5  6  7  8  9 10 11 12 13 |
---------------+----------------------------------------+-----
Earth Magic    | 4 5 6 7 8 10 11 13 15 | 15.6
Conjurations   | 2 3 4 5 7 8 10 11 13 14 | 14.0
Spellcasting   | 3 4 5 6 7 9 10 11 12 | 12.2
Dodging        | |  1.5
Stealth        | |  2.1

Action                     |  1- 3 |  4- 6 |  7- 9 | 10-12 | 13-15 || total
---------------------------+-------+-------+-------+-------+-------++-------
  Melee: Unarmed           |    11 |       |       |       |       ||    11
         Dagger            |     2 |     3 |    12 |    18 |       ||    35
   Cast: Sandblast         |    37 |    67 |   158 |   145 |    10 ||   417
         Stone Arrow       |       |       |    21 |    74 |     6 ||   101
         Lee's Rapid Decon |       |       |    16 |    89 |    10 ||   115
         Bombard           |       |       |       |    19 |    16 ||    35
         Freezing Cloud    |       |       |       |     9 |     7 ||    16
  Evoke: Wand              |       |     2 |     1 |     1 |       ||     4
    Use: Potion            |       |     1 |       |       |     1 ||     2
         Scroll            |       |       |     1 |     9 |     5 ||    15
 Armour: Robe              |    14 |    24 |    84 |    11 |       ||   133
         Steam dragon scal |       |       |       |   167 |       ||   167
         Acid dragon scale |       |       |       |    19 |    29 ||    48
  Dodge: Dodged            |    14 |    24 |    67 |    88 |    10 ||   203

Table legend: (Time is in decaauts)
 A = Elapsed time spent in this place.
 B = Non-inter-level travel time spent in this place.
 C = Inter-level travel time spent in this place.
 D = Time resting spent in this place.
 E = Time spent auto-exploring this place.
 F = Levels seen in this place.
 G = Mean time per level.
                   A        B        C        D        E       F      G
               +--------+--------+--------+--------+--------+-----+--------+
         Total |  17745 |  17293 |    452 |   5764 |   8423 |  16 | 1109.1 |
       Dungeon |  14107 |  13799 |    308 |   4031 |   7401 |  11 | 1282.5 |
        Temple |     44 |      2 |     42 |      0 |      0 |   1 |   44.0 |
          Lair |   1878 |   1776 |    102 |    826 |    774 |   2 |  939.0 |
       Ossuary |    596 |    596 |      0 |    329 |     95 |   1 |  596.0 |
      Gauntlet |   1118 |   1118 |      0 |    578 |    153 |   1 | 1118.0 |
               +--------+--------+--------+--------+--------+-----+--------+

Top non-repeatable levels by time:
    D:10: 2145 daAuts
  Lair:1: 1806 daAuts
     D:8: 1712 daAuts
     D:5: 1486 daAuts
     D:7: 1392 daAuts
     D:9: 1366 daAuts
    D:11: 1302 daAuts
     D:3: 1234 daAuts
Gauntlet: 1118 daAuts
     D:2: 938 daAuts
     D:4: 899 daAuts
     D:1: 838 daAuts
     D:6: 790 daAuts
 Ossuary: 596 daAuts
  Lair:2: 72 daAuts
